 Dungeon Crawl Stone Soup version 0.30.0-18-gc0e69614cb (webtiles) character file.

Game seed: 17338846577331063599

717 RascalDebosk the Magician (level 8, -4/56 HPs)
             Began as a Djinni Summoner on May 25, 2023.
             Slain by a mummy (12 damage)
             ... in an ossuary.
             The game lasted 00:34:14 (4622 turns).

RascalDebosk the Magician (Djinni Summoner)         Turns: 4622, Time: 00:34:15

Health: -4/56      AC:  3    Str:  7    XL:     8   Next: 1%
Gold:   239        EV: 16    Int: 19    God:
                   SH:  4    Dex: 14

rFire   + + .        s - +0 dagger
rCold   x . .        r - +0 buckler
rNeg    . . .        a - +0 robe
rPois   ∞            c - +0 helmet
rElec   .            (no cloak)
rCorr   .            (no gloves)
SInv    .            (boots unavailable)
Will    .....        (no amulet)
Stlth   ++           t - +5 ring of evasion
HPRegen 0.29/turn    (no ring)
MPRegen 0.00/turn

%: infuse magic (-5 HP)
@: flying
A: sickness immunity, fire resistance 2, cold vulnerability 1, float, innate
caster, HP casting, extra vitality 1
a: no special abilities


You were in an ossuary.
You visited 2 branches of the dungeon, and saw 6 of its levels.
You also visited: Ossuary.

You collected 239 gold pieces.

Inventory:

Hand Weapons
 s - a +0 dagger (weapon)
Armour
 a - a +0 robe (worn)
 c - a +0 helmet (worn)
 r - a +0 buckler (worn)
Jewellery
 t - a +5 ring of evasion (left hand)
Wands
 k - a wand of charming (13)
Scrolls
 d - 2 scrolls of blinking {unknown}
 f - a scroll of enchant armour {unknown}
 g - a scroll of enchant weapon {unknown}
 i - 3 scrolls of identify {unknown}
 j - a scroll of vulnerability {unknown}
 m - a scroll of immolation {unknown}
 n - a scroll of magic mapping {unknown}
 o - a scroll of brand weapon {unknown}
 u - a scroll of fog {unknown}
 v - a scroll of amnesia {unknown}
Potions
 b - a potion of degeneration {unknown}
 e - 2 potions of berserk rage {unknown}
 h - a potion of haste {unknown}
 l - 3 potions of heal wounds {unknown}
 p - 5 potions of curing {unknown}
 q - a potion of mutation {unknown}


   Skills:
 * Level 3.4 Fighting
 + Level 2.4 Armour
 - Level 2.1 Dodging
 - Level 1.5 Stealth
 + Level 2.3 Shields
 * Level 5.4 Spellcasting
 + Level 2.3 Evocations


You knew the following spells:

 Your Spells              Type           Power      Damage    Failure   Level
a - Summon Small Mammal   Summ           100%       N/A       1%          1
b - Call Imp              Summ           50%        N/A       3%          2
c - Call Canine Familiar  Summ           25%        N/A       6%          3
d - Summon Guardian Gole  Hex/Summ       25%        N/A       6%          3
e - Summon Lightning Spi  Summ/Air       25%        N/A       21%         4
f - Foxfire               Conj/Fire      100%       2x1d9     1%          1
g - Static Discharge      Conj/Air       50%        2-5/arc   3%          2
h - Wereblood             Tmut           25%        N/A       3%          2
Your spell library was empty.

Dungeon Overview and Level Annotations

Branches:
Dungeon (5/15)             Temple (1/1) D:4         Ossuary (1/1)

Altars:
Cheibriados
Dithmenos
Elyvilon
Gozag
Makhleb
Okawaru
Ru
Trog
Uskayaw
Wu Jian
Xom
Yredelemnul
Zin


Innate Abilities, Weirdness & Mutations

You are immune to sickness and miasma.
You are immune to poison.
Your flesh is very heat resistant. (rF++)
You are vulnerable to cold. (rC-)
You float through the air rather than walking.
You learn spells naturally, not from books.
Your magical power is your life essence.
You have superior vitality. (+4 MHP)


Message History

Your hound barely misses the human zombie.
You barely miss the jackal zombie.
The jackal zombie is lightly damaged.
Your bat barely misses the human zombie.
The jackal zombie completely misses you.
Your hound bites the human zombie.
A mummy comes into view.
Your cerulean imp barely misses the jackal zombie.
The human zombie barely misses you. The human zombie hits your hound.
The jackal zombie bites you.
* * * LOW HITPOINT WARNING * * *
You hit the jackal zombie.
The jackal zombie is moderately damaged.
Your bat hits the human zombie but does no damage.
Your hound bites the human zombie.
Your bat hits the human zombie.
Your lightning spire shoots out a bolt of lightning at the human zombie!
The bolt of electricity hits the human zombie!
Your cerulean imp hits the jackal zombie but does no damage.
Your hound bites the human zombie.
The human zombie is destroyed!
The jackal zombie completely misses you.
The human zombie hits you.
* * * LOW HITPOINT WARNING * * *
You have reached level 8!
You feel agile.
You barely miss the jackal zombie.
The jackal zombie is moderately damaged.
Your bat barely misses the jackal zombie.
Your hound barely misses the human zombie.
Your cerulean imp barely misses the jackal zombie.
You block the jackal zombie's attack.
You closely miss the jackal zombie.
The jackal zombie is moderately damaged.
You block the jackal zombie's attack.
Your cerulean imp hits the jackal zombie from afar with a -2 spear.
The human zombie barely misses you.
Your hound barely misses the jackal zombie.
You hit the jackal zombie.
The jackal zombie is severely damaged.
Your bat barely misses the jackal zombie.
You block the jackal zombie's attack.
Your hound bites the jackal zombie.
Your cerulean imp barely misses the jackal zombie.
The human zombie barely misses you.
The jackal zombie completely misses you.
Your hound bites the jackal zombie.
The jackal zombie is destroyed!
You hit the human zombie.
The human zombie is lightly damaged.
Your lightning spire disappears in a puff of smoke!
Your bat barely misses the human zombie.
The human zombie hits you.
* * * LOW HITPOINT WARNING * * *
Your cerulean imp barely misses the human zombie.
You closely miss the human zombie.
The human zombie is lightly damaged.
Your bat hits the human zombie.
Your hound closely misses the human zombie. x2
Your cerulean imp hits the human zombie from afar with a -2 spear.
The human zombie hits you.
* * * LOW HITPOINT WARNING * * *
You hit the human zombie but do no damage.
The human zombie is lightly damaged.
Your bat disappears in a puff of smoke!
Your hound completely misses the human zombie.
Your cerulean imp barely misses the human zombie.
The human zombie barely misses you.
You hit the human zombie.
The human zombie is lightly damaged.
Your hound closely misses the human zombie.
Your hound bites the human zombie.
Your cerulean imp hits the human zombie but does no damage.
You hit the human zombie.
The human zombie is moderately damaged.
Your hound bites the human zombie but does no damage.
The human zombie misses you.
Your cerulean imp barely misses the human zombie.
Your hound bites the human zombie.
Casting: Summon Small Mammal (safe; 1% risk of failure)
Confirm with . or Enter, or press ? or * to list all spells.
The spell is quite dangerous to miscast (21% risk of failure)!
Continue anyway?
An electric hum fills the air.
* * * LOW HITPOINT WARNING * * *
Your hound bites the human zombie.
The human zombie hits you.
* * * LOW HITPOINT WARNING * * *
Your cerulean imp hits the human zombie from afar with a -2 spear.
Your hound bites the human zombie.
Your cerulean imp hits the human zombie from afar with a -2 spear.
The human zombie closely misses you.
Your hound closely misses the human zombie.
The mummy closely misses you.
Your hound bites the human zombie but does no damage.
Your cerulean imp hits the human zombie but does no damage.
The human zombie misses you.
Your hound barely misses the human zombie.
Your cerulean imp completely misses the human zombie.
The mummy barely misses you.
Your hound bites the human zombie.
The human zombie hits your hound.
Your hound bites the human zombie.
Your cerulean imp hits the human zombie but does no damage.
The mummy hits you!
You die...

...............
#...............
#...............
................
................
................
................
.......∩5.......
......h@........
......MZ........
........8.......
#...............
#...............
................
................
......#####....


You could see a mummy, a human zombie (distracted, ally target), a friendly
lightning spire (summoned), a friendly hound (summoned) and a friendly cerulean
imp (summoned).

Vanquished Creatures
  An ice beast (D:5)
  A sky beast (D:4)
  A nameless horror (D:2)
  A crimson imp (D:3)
  An orc priest (D:4)
  A sleepcap (D:4)
  2 orc wizards (D:2)
  Natasha (thrice) (D:2)
  6 adders
  An adder zombie (Ossuary)
  2 worms
  A dart slug (D:2)
  10 orcs
  7 endoplasms
  A giant cockroach (D:1)
  4 goblins
  3 hobgoblins
  A quokka (D:1)
  4 ball pythons
  A bat (D:1)
  4 frilled lizards
  A kobold (D:3)
  6 rats
63 creatures vanquished.

Vanquished Creatures (collateral kills)
  A nameless horror (D:3)
  3 crimson imps (D:3)
  A human zombie (Ossuary)
  A hound zombie (Ossuary)
  A shadow imp (D:5)
  6 orcs
  3 ball pythons (D:1)
  2 bats
  6 endoplasms
  5 goblins (D:1)
  3 hobgoblins (D:1)
  2 frilled lizards (D:1)
  2 goblin zombies (Ossuary)
  2 hobgoblin zombies (Ossuary)
  A jackal zombie (Ossuary)
  A kobold zombie (Ossuary)
  A rat (D:3)
  2 rat zombies (Ossuary)
43 creatures vanquished.

Vanquished Creatures (others)
  290 foxfires
290 creatures vanquished.

Grand Total: 396 creatures vanquished

Notes
Turn   | Place    | Note
-------+----------+-------------------------------------------
     0 | D:1      | RascalDebosk the Djinni Summoner began the quest for the
                  | Orb.
     0 | D:1      | RascalDebosk set off with the following spells memorised:
                  | Summon Small Mammal, Call Imp, Call Canine Familiar, Summon
                  | Guardian Golem, Summon Lightning Spire.
     0 | D:1      | Reached XP level 1. HP: 15/15 MP: 0/0
    60 | D:1      | Reached XP level 2. HP: 18/21 MP: 0/0
   303 | D:1      | Reached XP level 3. HP: 21/25 MP: 0/0
   303 | D:1      | Learned a level 1 spell: Foxfire
   342 | D:1      | Reached skill level 4 in Spellcasting
   884 | D:2      | Noticed Natasha
   893 | D:2      | Killed Natasha
   894 | D:2      | Reached XP level 4. HP: 16/31 MP: 0/0
  1232 | D:2      | Reached XP level 5. HP: 33/36 MP: 0/0
  1232 | D:2      | Learned a level 2 spell: Static Discharge
  1243 | D:2      | Noticed a nameless horror
  1257 | D:2      | Reached skill level 1 in Fighting
  1262 | D:2      | Killed a nameless horror
  1445 | D:2      | Noticed Natasha
  1448 | D:2      | Killed Natasha
  1449 | D:2      | Reached skill level 1 in Armour
  1471 | D:2      | Noticed Natasha
  1475 | D:2      | Killed Natasha
  1476 | D:2      | Reached skill level 1 in Shields
  1476 | D:2      | Reached skill level 1 in Evocations
  1476 | D:2      | Reached XP level 6. HP: 38/42 MP: 0/0
  2039 | D:3      | Found a shimmering altar of Xom.
  2217 | D:3      | Noticed a nameless horror
  2225 | D:3      | Killed a nameless horror
  2468 | D:3      | Found a faded altar of an unknown god.
  2555 | D:3      | Reached skill level 5 in Spellcasting
  3048 | D:4      | Found an opulent altar of Gozag.
  3090 | D:4      | Reached XP level 7. HP: 46/49 MP: 0/0
  3090 | D:4      | Learned a level 2 spell: Wereblood
  3335 | D:4      | Found a bloodstained altar of Trog.
  3335 | D:4      | Found a hide-covered altar of Uskayaw.
  3335 | D:4      | Found a snail-covered altar of Cheibriados.
  3458 | D:4      | Found a staircase to the Ecumenical Temple.
  3463 | Temple   | Entered the Ecumenical Temple
  3640 | D:4      | Found a basalt altar of Yredelemnul.
  4345 | D:5      | Entered Level 5 of the Dungeon
  4573 | D:5      | Found a sand-covered staircase.
  4591 | Ossuary  | Entered an ossuary
  4610 | Ossuary  | Reached XP level 8. HP: 15/56 MP: 0/0
  4622 | Ossuary  | Slain by a mummy

Illustrated notes

Levels and vault maps discovered:
D:1:      nicolae_arrival_memento_mori, layout_rooms
D:2:      layout_basic, uniq_natasha
D:3:      layout_basic, led_xom_imps, shapermc_ecumenical_altar_pompeii
D:4:      layout_basic, nicolae_gozag_cash_rules_everything_around_me,
          general_overflow_altar, chequers_temple_overflow_statue_of_worship,
          temple_doors_cd
D:5:      layout_rooms, mainiacjoe_overflow_chevrons, overflow_temple_1_default,
          nicolae_ossuary_entry_false_entrances, nrook_pool_corridor,
          kennysheep_small_square, uniq_crazy_yiuf_cottage
Temple:   hellmonk_temple_beads
Ossuary:  ossuary_minmay_tomb_2a

Skill      XL: |  1  2  3  4  5  6  7 |
---------------+----------------------+-----
Spellcasting   | 4 5 |  5.4
Fighting       | 1 2 3 |  3.4
Armour         | 1 2 |  2.4
Shields        | 1 2 |  2.3
Evocations     | 1 2 |  2.3
Dodging        | |  2.1
Stealth        | |  1.5

Action                     |  1- 3 |  4- 6 |  7- 9 || total
---------------------------+-------+-------+-------++-------
  Melee: Dagger            |     2 |     3 |    42 ||    47
   Cast: Summon Small Mamm |    14 |     2 |     2 ||    18
         Call Imp          |     4 |       |     1 ||     5
         Foxfire           |    63 |    73 |    49 ||   185
         Summon Guardian G |       |     1 |       ||     1
         Summon Lightning  |       |     6 |     3 ||     9
         Call Canine Famil |       |     2 |     1 ||     3
         Wereblood         |       |       |     1 ||     1
   Stab: Distracted        |       |     1 |       ||     1
 Armour: Robe              |     5 |     6 |    16 ||    27
  Dodge: Dodged            |    18 |    25 |    67 ||   110
  Block: Buckler           |       |       |    10 ||    10
